3417 views
Uploaded 2020-04-28 18:59:55
Game version 1.32.4 / 1.32.5
29:12 long 3on3 ladder game on (6)ThunderLake_LV
Saved by BEARAND
3417 views
Uploaded 2020-04-28 18:59:55
Game version 1.32.4 / 1.32.5
29:12 long 3on3 ladder game on (6)ThunderLake_LV


110 units @ 10.6k
/ 1.1k
294 buildings @ 13.4k
/ 7.4k
iggythefisk
(29:15) : 


| Scroll of Regeneration | 5 | 500 |
| Staff of Sanctuary | 4 | 1000 |
| Lesser Clarity Potion | 3 | 210 |
| Orb of Fire | 1 | 325 |
| Boots of Speed | 3 | 750 |
| Staff of Teleportation | 3 | 450 |
| Circlet of Nobility | 2 | 350 |
| total: | 21 | 3585g |
| Peasant | 34 | 2550 | / | 0 |
| Priest | 3 | 405 | / | 30 |
| total: | 37 | 2955g | / | 30w |
| Scout Tower | 65 | 1950 | / | 1300 |
| Arcane Tower | 8 | 560 | / | 400 |
| Guard Tower | 36 | 2520 | / | 1800 |
| Altar of Kings | 2 | 360 | / | 100 |
| Farm | 6 | 480 | / | 120 |
| Lumber Mill | 2 | 240 | / | 0 |
| Arcane Vault | 3 | 390 | / | 90 |
| Arcane Sanctum | 1 | 150 | / | 140 |
| Keep | 1 | 320 | / | 210 |
| Castle | 1 | 360 | / | 210 |
| total: | 79 | 3570g | / | 1750w |
| 0:01 | Peasant |
| 0:02 | Peasant |
| 0:12 | Altar of Kings |
| 0:20 | Farm |
| 0:21 | Peasant |
| 0:31 | Peasant |
| 0:49 | Lumber Mill |
| 0:52 | Peasant |
| 0:54 | Farm |
| 1:11 | Peasant |
| 1:26 | Scout Tower |
| 1:29 | Peasant |
| 1:40 | Peasant |
| 1:40 | Peasant |
| 1:43 | Scout Tower |
| 1:47 | Peasant |
| 1:52 | Scout Tower |
| 1:53 | Arcane Tower |
| 1:55 | Scout Tower |
| 2:06 | Peasant |
| 2:09 | Peasant |
| 2:12 | Arcane Tower |
| 2:17 | Peasant |
| 2:22 | Arcane Tower |
| 2:28 | Scout Tower |
| 2:30 | Blizzard |
| 2:38 | Arcane Vault |
| 2:45 | Peasant |
| 2:50 | Guard Tower |
| 2:56 | Guard Tower |
| 2:58 | Scout Tower |
| 3:04 | Peasant |
| 3:11 | Improved Masonry |
| 3:29 | Guard Tower |
| 3:44 | Scout Tower |
| 3:52 | Peasant |
| 3:57 | Scout Tower |
| 4:00 | Scout Tower |
| 4:08 | Peasant |
| 4:08 | Peasant |
| 4:14 | Guard Tower |
| 4:17 | Peasant |
| 4:22 | Guard Tower |
| 4:25 | Scout Tower |
| 4:36 | Guard Tower |
| 4:37 | Scout Tower |
| 4:40 | Peasant |
| 4:40 | Peasant |
| 4:48 | Scout Tower |
| 5:10 | Guard Tower |
| 5:14 | Scout Tower |
| 5:15 | Peasant |
| 5:15 | Peasant |
| 5:31 | Peasant |
| 5:39 | Scout Tower |
| 5:48 | Guard Tower |
| 5:58 | Keep |
| 6:14 | Arcane Vault |
| 6:22 | Guard Tower |
| 6:24 | Scout Tower |
| 6:34 | Scout Tower |
| 6:59 | Guard Tower |
| 7:03 | Scout Tower |
| 7:12 | Arcane Tower |
| 7:22 | Farm |
| 7:29 | Guard Tower |
| 7:36 | Scout Tower |
| 7:57 | Scout Tower |
| 8:00 | Scout Tower |
| 8:00 | Scout Tower |
| 8:01 | Scout Tower |
| 8:01 | Scout Tower |
| 8:06 | Guard Tower |
| 8:28 | Scout Tower |
| 8:45 | Scout Tower |
| 9:08 | Scroll of Regeneration |
| 9:14 | Arcane Tower |
| 9:15 | Storm Bolt |
| 9:23 | Advanced Masonry |
| 9:26 | Scout Tower |
| 9:27 | Scout Tower |
| 9:27 | Scout Tower |
| 9:43 | Scout Tower |
| 9:46 | Scout Tower |
| 10:04 | Castle |
| 10:09 | Arcane Tower |
| 10:09 | Guard Tower |
| 10:19 | Guard Tower |
| 10:19 | Guard Tower |
| 10:40 | Guard Tower |
| 10:42 | Farm |
| 10:44 | Scout Tower |
| 10:45 | Scout Tower |
| 10:49 | Arcane Sanctum |
| 10:52 | Scout Tower |
| 10:53 | Scout Tower |
| 11:06 | Scout Tower |
| 11:07 | Scout Tower |
| 11:14 | Guard Tower |
| 11:21 | Improved Lumber Harvesting |
| 11:33 | Boots of Speed |
| 11:33 | Staff of Teleportation |
| 11:46 | Arcane Tower |
| 11:48 | Boots of Speed |
| 11:49 | Circlet of Nobility |
| 11:58 | Guard Tower |
| 12:01 | Scout Tower |
| 12:06 | Lumber Mill |
| 12:12 | Guard Tower |
| 12:36 | Guard Tower |
| 12:41 | Scout Tower |
| 12:41 | Scout Tower |
| 12:44 | Brilliance Aura |
| 12:58 | Peasant |
| 12:58 | Peasant |
| 13:17 | Bash |
| 13:24 | Scroll of Regeneration |
| 13:24 | Staff of Sanctuary |
| 13:37 | Staff of Teleportation |
| 13:39 | Guard Tower |
| 13:40 | Magic Sentry |
| 13:41 | Guard Tower |
| 13:42 | Scout Tower |
| 14:09 | Imbued Masonry |
| 14:10 | Guard Tower |
| 14:11 | Scout Tower |
| 14:33 | Scroll of Regeneration |
| 14:38 | Arcane Vault |
| 14:40 | Guard Tower |
| 14:42 | Scout Tower |
| 14:43 | Scout Tower |
| 14:47 | Lesser Clarity Potion |
| 15:21 | Guard Tower |
| 15:36 | Scout Tower |
| 15:37 | Scout Tower |
| 15:37 | Scout Tower |
| 15:48 | Guard Tower |
| 15:53 | Scout Tower |
| 15:53 | Scout Tower |
| 15:54 | Scout Tower |
| 16:07 | Guard Tower |
| 16:19 | Scout Tower |
| 16:19 | Scout Tower |
| 16:20 | Holy Light |
| 16:32 | Altar of Kings |
| 16:38 | Lesser Clarity Potion |
| 16:39 | Staff of Sanctuary |
| 16:47 | Guard Tower |
| 17:03 | Guard Tower |
| 17:07 | Scout Tower |
| 17:08 | Scout Tower |
| 17:27 | Peasant |
| 17:27 | Peasant |
| 17:27 | Peasant |
| 17:27 | Peasant |
| 17:38 | Scout Tower |
| 17:38 | Scout Tower |
| 17:42 | Peasant |
| 17:48 | Guard Tower |
| 17:49 | Scout Tower |
| 17:50 | Scout Tower |
| 17:50 | Scout Tower |
| 17:59 | Lesser Clarity Potion |
| 18:06 | Guard Tower |
| 18:23 | Guard Tower |
| 18:26 | Peasant |
| 18:28 | Scout Tower |
| 18:50 | Staff of Sanctuary |
| 18:54 | Guard Tower |
| 19:24 | Farm |
| 19:24 | Farm |
| 19:29 | Guard Tower |
| 19:31 | Scout Tower |
| 19:31 | Scout Tower |
| 19:33 | Priest Adept Training |
| 19:33 | Priest |
| 19:58 | Guard Tower |
| 20:07 | Guard Tower |
| 20:32 | Blizzard |
| 20:44 | Scout Tower |
| 20:44 | Scout Tower |
| 20:45 | Scout Tower |
| 20:45 | Scout Tower |
| 21:39 | Scroll of Regeneration |
| 21:50 | Priest |
| 22:34 | Scroll of Regeneration |
| 22:38 | Staff of Sanctuary |
| 22:41 | Orb of Fire |
| 22:44 | Arcane Tower |
| 24:53 | Priest |
| 25:01 | Peasant |
| 25:01 | Peasant |
| 26:04 | Boots of Speed |
| 26:04 | Staff of Teleportation |
| 26:07 | Circlet of Nobility |
| 26:39 | Storm Bolt |
| 26:40 | Divine Shield |
| Right click | 2169 |
| Select group | 975 |
| Select | 454 |
| Assign group | 394 |
| Build/train/purchase | 173 |
| Chat | 126 |
| Use ability | 112 |
| Resource trade | 61 |
| Misc. action | 7 |
| Item give/drop | 6 |
| Remove unit | 3 |
| Minimap ping | 3 |



| Scroll of Regeneration | 1 | 100 |
| Potion of Healing | 2 | 300 |
| Staff of Sanctuary | 3 | 750 |
| Orb of Fire | 2 | 650 |
| Boots of Speed | 3 | 750 |
| Staff of Teleportation | 3 | 450 |
| Amulet of Spell Shield | 1 | 600 |
| Khadgar's Gem of Health | 1 | 600 |
| total: | 16 | 4200g |
| Peasant | 15 | 1125 | / | 0 |
| Flying Machine | 20 | 2000 | / | 600 |
| Priest | 1 | 135 | / | 10 |
| total: | 36 | 3260g | / | 610w |
| Scout Tower | 92 | 2760 | / | 1840 |
| Arcane Tower | 10 | 700 | / | 500 |
| Guard Tower | 47 | 3290 | / | 2350 |
| Altar of Kings | 1 | 180 | / | 50 |
| Farm | 5 | 400 | / | 100 |
| Lumber Mill | 1 | 120 | / | 0 |
| Town Hall | 2 | 770 | / | 410 |
| Blacksmith | 1 | 140 | / | 60 |
| Arcane Vault | 2 | 260 | / | 60 |
| Workshop | 2 | 280 | / | 280 |
| Arcane Sanctum | 1 | 150 | / | 140 |
| Keep | 2 | 640 | / | 420 |
| Castle | 2 | 720 | / | 420 |
| total: | 107 | 5060g | / | 2940w |
| 0:01 | Peasant |
| 0:02 | Peasant |
| 0:02 | Peasant |
| 0:08 | Altar of Kings |
| 0:10 | Peasant |
| 0:19 | Farm |
| 0:41 | Peasant |
| 0:53 | Lumber Mill |
| 0:54 | Peasant |
| 1:34 | Scout Tower |
| 1:36 | Peasant |
| 1:36 | Peasant |
| 1:36 | Peasant |
| 1:36 | Peasant |
| 1:39 | Farm |
| 1:45 | Scout Tower |
| 1:54 | Peasant |
| 2:03 | Arcane Tower |
| 2:05 | Scout Tower |
| 2:11 | Blizzard |
| 2:17 | Guard Tower |
| 2:20 | Scout Tower |
| 2:29 | Peasant |
| 2:32 | Guard Tower |
| 2:34 | Scout Tower |
| 2:49 | Guard Tower |
| 2:50 | Peasant |
| 2:50 | Peasant |
| 2:52 | Scout Tower |
| 3:31 | Arcane Tower |
| 3:39 | Guard Tower |
| 3:40 | Scout Tower |
| 3:41 | Scout Tower |
| 3:42 | Scout Tower |
| 3:42 | Scout Tower |
| 3:57 | Boots of Speed |
| 3:57 | Staff of Teleportation |
| 4:23 | Scout Tower |
| 4:24 | Scout Tower |
| 4:25 | Scout Tower |
| 4:38 | Guard Tower |
| 4:51 | Scroll of Regeneration |
| 5:25 | Guard Tower |
| 5:25 | Guard Tower |
| 5:51 | Improved Masonry |
| 5:56 | Guard Tower |
| 6:04 | Keep |
| 6:25 | Brilliance Aura |
| 6:33 | Farm |
| 6:34 | Farm |
| 6:37 | Scout Tower |
| 6:38 | Scout Tower |
| 6:40 | Scout Tower |
| 6:41 | Scout Tower |
| 6:43 | Scout Tower |
| 6:43 | Scout Tower |
| 7:14 | Town Hall |
| 7:17 | Scout Tower |
| 7:19 | Scout Tower |
| 7:21 | Scout Tower |
| 7:21 | Scout Tower |
| 7:36 | Blacksmith |
| 7:45 | Guard Tower |
| 8:03 | Scout Tower |
| 8:04 | Scout Tower |
| 8:05 | Scout Tower |
| 8:13 | Guard Tower |
| 8:24 | Potion of Healing |
| 8:31 | Guard Tower |
| 8:31 | Guard Tower |
| 8:42 | Guard Tower |
| 8:52 | Workshop |
| 9:00 | Advanced Masonry |
| 9:09 | Guard Tower |
| 9:11 | Scout Tower |
| 9:12 | Scout Tower |
| 9:12 | Scout Tower |
| 9:12 | Scout Tower |
| 9:50 | Black Gunpowder |
| 10:46 | Arcane Sanctum |
| 10:48 | Improved Lumber Harvesting |
| 10:51 | Workshop |
| 10:52 | Flying Machine |
| 10:52 | Flying Machine |
| 10:53 | Flying Machine |
| 10:57 | Storm Bolt |
| 11:15 | Farm |
| 11:19 | Refined Gunpowder |
| 11:42 | Arcane Vault |
| 11:50 | Staff of Teleportation |
| 11:50 | Boots of Speed |
| 12:06 | Magic Sentry |
| 12:27 | Arcane Tower |
| 12:33 | Peasant |
| 13:08 | Flak Cannons |
| 13:10 | Flying Machine |
| 13:10 | Flying Machine |
| 13:44 | Flying Machine |
| 13:49 | Flying Machine |
| 13:49 | Flying Machine |
| 13:49 | Flying Machine |
| 13:50 | Flying Machine |
| 13:50 | Flying Machine |
| 14:31 | Flying Machine |
| 14:44 | Arcane Vault |
| 14:45 | Arcane Tower |
| 14:45 | Guard Tower |
| 16:30 | Castle |
| 16:42 | Staff of Sanctuary |
| 17:12 | Blizzard |
| 17:21 | Arcane Tower |
| 17:22 | Guard Tower |
| 17:39 | Potion of Healing |
| 18:05 | Scout Tower |
| 18:06 | Scout Tower |
| 18:06 | Scout Tower |
| 18:06 | Scout Tower |
| 18:06 | Scout Tower |
| 18:07 | Scout Tower |
| 18:07 | Scout Tower |
| 18:07 | Scout Tower |
| 18:10 | Iron Plating |
| 18:13 | Flying Machine |
| 18:13 | Flying Machine |
| 18:14 | Flying Machine |
| 18:14 | Flying Machine |
| 18:18 | Priest |
| 18:54 | Imbued Gunpowder |
| 19:18 | Staff of Sanctuary |
| 19:34 | Guard Tower |
| 19:35 | Scout Tower |
| 19:36 | Scout Tower |
| 19:36 | Scout Tower |
| 19:36 | Scout Tower |
| 19:36 | Scout Tower |
| 19:38 | Scout Tower |
| 19:39 | Scout Tower |
| 19:53 | Guard Tower |
| 19:54 | Arcane Tower |
| 19:55 | Arcane Tower |
| 19:55 | Guard Tower |
| 19:59 | Steel Plating |
| 20:07 | Holy Light |
| 20:28 | Guard Tower |
| 20:31 | Guard Tower |
| 20:33 | Scout Tower |
| 20:33 | Scout Tower |
| 20:41 | Boots of Speed |
| 20:41 | Staff of Teleportation |
| 20:56 | Scout Tower |
| 20:56 | Scout Tower |
| 20:57 | Scout Tower |
| 20:57 | Scout Tower |
| 20:57 | Scout Tower |
| 20:58 | Scout Tower |
| 20:58 | Scout Tower |
| 20:58 | Scout Tower |
| 21:11 | Guard Tower |
| 21:32 | Guard Tower |
| 21:35 | Scout Tower |
| 21:35 | Scout Tower |
| 21:36 | Scout Tower |
| 21:36 | Scout Tower |
| 22:04 | Bash |
| 22:18 | Orb of Fire |
| 22:19 | Staff of Sanctuary |
| 22:38 | Orb of Fire |
| 22:44 | Guard Tower |
| 22:45 | Guard Tower |
| 22:46 | Guard Tower |
| 22:49 | Scout Tower |
| 22:50 | Scout Tower |
| 22:50 | Scout Tower |
| 22:51 | Scout Tower |
| 22:52 | Scout Tower |
| 22:52 | Scout Tower |
| 22:53 | Scout Tower |
| 22:53 | Scout Tower |
| 22:58 | Guard Tower |
| 23:34 | Guard Tower |
| 23:36 | Guard Tower |
| 24:41 | Guard Tower |
| 24:43 | Town Hall |
| 24:45 | Scout Tower |
| 24:45 | Scout Tower |
| 24:46 | Scout Tower |
| 24:46 | Scout Tower |
| 24:46 | Scout Tower |
| 24:47 | Scout Tower |
| 24:47 | Scout Tower |
| 24:47 | Scout Tower |
| 24:47 | Scout Tower |
| 24:48 | Scout Tower |
| 24:48 | Scout Tower |
| 24:48 | Scout Tower |
| 24:49 | Scout Tower |
| 24:49 | Scout Tower |
| 24:49 | Scout Tower |
| 24:49 | Scout Tower |
| 24:49 | Scout Tower |
| 25:04 | Guard Tower |
| 25:20 | Guard Tower |
| 25:46 | Guard Tower |
| 25:56 | Amulet of Spell Shield |
| 25:57 | Khadgar's Gem of Health |
| 26:11 | Guard Tower |
| 26:14 | Guard Tower |
| 26:43 | Guard Tower |
| 26:48 | Arcane Tower |
| 26:49 | Scout Tower |
| 26:49 | Scout Tower |
| 26:49 | Scout Tower |
| 26:50 | Scout Tower |
| 26:51 | Scout Tower |
| 26:51 | Scout Tower |
| 26:51 | Scout Tower |
| 26:51 | Scout Tower |
| 27:14 | Brilliance Aura |
| 28:05 | Divine Shield |
| 28:42 | Flying Machine |
| 28:44 | Flying Machine |
| 28:44 | Flying Machine |
| 28:45 | Flying Machine |
| 28:46 | Storm Bolt |
| 28:51 | Storm Bolt |
| 29:15 | Arcane Tower |
| Right click | 3094 |
| Select | 671 |
| Select group | 547 |
| Build/train/purchase | 246 |
| Use ability | 79 |
| Misc. action | 45 |
| Chat | 44 |
| Resource trade | 26 |
| Assign group | 24 |
| Minimap ping | 22 |
| Item give/drop | 2 |
| Esc | 1 |
⇛
TIMG4STRok
(29:15) : 

| Scroll of Regeneration | 5 | 500 |
| Potion of Healing | 2 | 300 |
| Orb of Fire | 1 | 325 |
| Lesser Clarity Potion | 1 | 70 |
| Staff of Sanctuary | 1 | 250 |
| Staff of Teleportation | 2 | 300 |
| Boots of Speed | 3 | 750 |
| Circlet of Nobility | 1 | 175 |
| Periapt of Vitality | 1 | 325 |
| total: | 17 | 2995g |
| Peasant | 25 | 1875 | / | 0 |
| Dragonhawk Rider | 9 | 1800 | / | 270 |
| Priest | 1 | 135 | / | 10 |
| Goblin Shredder | 1 | 375 | / | 100 |
| Goblin Zeppelin | 1 | 240 | / | 60 |
| total: | 37 | 4425g | / | 440w |
| Scout Tower | 94 | 2820 | / | 1880 |
| Arcane Tower | 6 | 420 | / | 300 |
| Guard Tower | 42 | 2940 | / | 2100 |
| Altar of Kings | 1 | 180 | / | 50 |
| Farm | 5 | 400 | / | 100 |
| Lumber Mill | 1 | 120 | / | 0 |
| Town Hall | 1 | 385 | / | 205 |
| Arcane Vault | 2 | 260 | / | 60 |
| Blacksmith | 1 | 140 | / | 60 |
| Barracks | 1 | 160 | / | 60 |
| Arcane Sanctum | 1 | 150 | / | 140 |
| Gryphon Aviary | 1 | 140 | / | 150 |
| Keep | 1 | 320 | / | 210 |
| Castle | 1 | 360 | / | 210 |
| total: | 108 | 4755g | / | 2705w |
| 0:04 | Peasant |
| 0:04 | Peasant |
| 0:05 | Peasant |
| 0:06 | Altar of Kings |
| 0:09 | Farm |
| 0:27 | Peasant |
| 0:37 | Peasant |
| 0:45 | Peasant |
| 0:48 | Farm |
| 1:00 | Peasant |
| 1:09 | Lumber Mill |
| 1:29 | Scout Tower |
| 1:32 | Peasant |
| 1:40 | Peasant |
| 1:47 | Peasant |
| 1:54 | Peasant |
| 1:56 | Arcane Tower |
| 1:59 | Scout Tower |
| 2:03 | Peasant |
| 2:11 | Blizzard |
| 2:15 | Peasant |
| 2:19 | Farm |
| 2:28 | Arcane Tower |
| 2:31 | Scout Tower |
| 2:42 | Scout Tower |
| 2:48 | Peasant |
| 2:48 | Peasant |
| 3:06 | Peasant |
| 3:08 | Guard Tower |
| 3:10 | Scout Tower |
| 3:12 | Arcane Tower |
| 3:13 | Scout Tower |
| 3:26 | Scout Tower |
| 3:26 | Scout Tower |
| 3:28 | Peasant |
| 3:28 | Peasant |
| 4:00 | Peasant |
| 4:00 | Peasant |
| 4:10 | Guard Tower |
| 4:11 | Scout Tower |
| 4:13 | Arcane Tower |
| 4:21 | Scout Tower |
| 4:22 | Scout Tower |
| 4:33 | Guard Tower |
| 4:37 | Improved Masonry |
| 4:42 | Guard Tower |
| 4:49 | Guard Tower |
| 4:50 | Guard Tower |
| 5:09 | Scout Tower |
| 5:13 | Scout Tower |
| 5:18 | Scout Tower |
| 5:19 | Scout Tower |
| 5:20 | Scout Tower |
| 5:27 | Staff of Teleportation |
| 5:27 | Boots of Speed |
| 5:31 | Boots of Speed |
| 5:53 | Guard Tower |
| 5:55 | Scout Tower |
| 5:56 | Guard Tower |
| 5:58 | Scout Tower |
| 5:59 | Scout Tower |
| 6:01 | Scout Tower |
| 6:03 | Scout Tower |
| 6:25 | Brilliance Aura |
| 6:34 | Arcane Tower |
| 6:34 | Guard Tower |
| 6:36 | Guard Tower |
| 6:51 | Guard Tower |
| 6:54 | Scout Tower |
| 7:34 | Town Hall |
| 7:36 | Scout Tower |
| 7:37 | Scout Tower |
| 7:39 | Scout Tower |
| 7:39 | Scout Tower |
| 7:42 | Peasant |
| 7:42 | Peasant |
| 7:51 | Arcane Vault |
| 8:05 | Guard Tower |
| 8:07 | Guard Tower |
| 8:08 | Guard Tower |
| 8:14 | Scout Tower |
| 8:15 | Scout Tower |
| 8:15 | Scout Tower |
| 8:16 | Scout Tower |
| 8:17 | Scout Tower |
| 8:34 | Keep |
| 8:40 | Arcane Tower |
| 8:43 | Guard Tower |
| 8:50 | Guard Tower |
| 8:57 | Scout Tower |
| 8:57 | Scout Tower |
| 8:58 | Scout Tower |
| 8:58 | Scout Tower |
| 9:00 | Scout Tower |
| 9:01 | Scout Tower |
| 9:02 | Scout Tower |
| 9:22 | Scroll of Regeneration |
| 9:42 | Farm |
| 9:44 | Scout Tower |
| 9:46 | Guard Tower |
| 9:57 | Guard Tower |
| 10:10 | Peasant |
| 10:42 | Guard Tower |
| 10:45 | Scout Tower |
| 10:45 | Scout Tower |
| 10:46 | Scout Tower |
| 10:46 | Scout Tower |
| 10:49 | Guard Tower |
| 10:58 | Scout Tower |
| 10:58 | Scout Tower |
| 11:00 | Scout Tower |
| 11:01 | Scout Tower |
| 11:09 | Advanced Masonry |
| 11:12 | Arcane Sanctum |
| 11:33 | Guard Tower |
| 11:36 | Scout Tower |
| 11:41 | Scout Tower |
| 11:51 | Scroll of Regeneration |
| 12:02 | Guard Tower |
| 12:05 | Scout Tower |
| 12:06 | Scout Tower |
| 12:07 | Scout Tower |
| 12:08 | Guard Tower |
| 12:12 | Scout Tower |
| 12:13 | Scout Tower |
| 12:14 | Scout Tower |
| 12:15 | Scout Tower |
| 12:24 | Guard Tower |
| 12:28 | Improved Lumber Harvesting |
| 12:39 | Magic Sentry |
| 12:41 | Scout Tower |
| 12:42 | Scout Tower |
| 12:45 | Storm Bolt |
| 12:52 | Guard Tower |
| 13:06 | Guard Tower |
| 13:07 | Guard Tower |
| 13:15 | Guard Tower |
| 13:17 | Peasant |
| 13:17 | Peasant |
| 13:21 | Arcane Vault |
| 14:04 | Goblin Shredder |
| 14:07 | Goblin Zeppelin |
| 14:19 | Castle |
| 14:20 | Guard Tower |
| 14:30 | Scout Tower |
| 14:31 | Scout Tower |
| 14:32 | Scout Tower |
| 14:34 | Scout Tower |
| 14:34 | Scout Tower |
| 14:35 | Scout Tower |
| 14:35 | Scout Tower |
| 14:36 | Scout Tower |
| 14:36 | Scout Tower |
| 14:40 | Scout Tower |
| 14:40 | Scout Tower |
| 14:44 | Guard Tower |
| 14:46 | Scout Tower |
| 14:47 | Scout Tower |
| 15:15 | Gryphon Aviary |
| 15:28 | Blacksmith |
| 15:40 | Blizzard |
| 15:43 | Guard Tower |
| 15:52 | Guard Tower |
| 16:00 | Guard Tower |
| 16:30 | Boots of Speed |
| 16:30 | Staff of Teleportation |
| 16:35 | Guard Tower |
| 16:39 | Dragonhawk Rider |
| 16:39 | Dragonhawk Rider |
| 16:39 | Dragonhawk Rider |
| 17:37 | Farm |
| 17:45 | Scroll of Regeneration |
| 17:45 | Potion of Healing |
| 17:49 | Scout Tower |
| 17:50 | Scout Tower |
| 17:51 | Scout Tower |
| 17:55 | Barracks |
| 17:57 | Studded Leather Armor |
| 17:57 | Iron Forged Swords |
| 18:09 | Scout Tower |
| 18:09 | Scout Tower |
| 18:10 | Scout Tower |
| 18:13 | Imbued Masonry |
| 18:18 | Dragonhawk Rider |
| 18:19 | Cloud |
| 18:22 | Dragonhawk Rider |
| 18:59 | Brilliance Aura |
| 19:14 | Animal War Training |
| 19:16 | Reinforced Leather Armor |
| 19:20 | Orb of Fire |
| 19:24 | Potion of Healing |
| 19:24 | Scroll of Regeneration |
| 19:45 | Guard Tower |
| 19:47 | Guard Tower |
| 19:49 | Scout Tower |
| 19:50 | Scout Tower |
| 19:50 | Scout Tower |
| 21:38 | Bash |
| 22:22 | Dragonhide Armor |
| 22:22 | Steel Forged Swords |
| 22:42 | Lesser Clarity Potion |
| 22:54 | Scout Tower |
| 22:55 | Scout Tower |
| 22:56 | Scout Tower |
| 22:56 | Scout Tower |
| 22:58 | Scout Tower |
| 22:59 | Scout Tower |
| 23:00 | Scout Tower |
| 23:01 | Scout Tower |
| 23:02 | Scout Tower |
| 23:02 | Scout Tower |
| 23:03 | Scout Tower |
| 23:04 | Scout Tower |
| 23:05 | Scout Tower |
| 23:05 | Scout Tower |
| 23:12 | Staff of Sanctuary |
| 23:21 | Guard Tower |
| 23:25 | Dragonhawk Rider |
| 23:37 | Circlet of Nobility |
| 23:37 | Periapt of Vitality |
| 24:30 | Scroll of Regeneration |
| 24:55 | Guard Tower |
| 24:59 | Guard Tower |
| 25:35 | Priest Adept Training |
| 25:52 | Priest |
| 26:06 | Dragonhawk Rider |
| 26:06 | Dragonhawk Rider |
| 26:52 | Dragonhawk Rider |
| 26:53 | Mithril Forged Swords |
| 28:42 | Storm Bolt |
| 28:52 | Blizzard |
| Right click | 1760 |
| Select group | 856 |
| Select | 334 |
| Build/train/purchase | 180 |
| Chat | 144 |
| Use ability | 91 |
| Misc. action | 82 |
| Resource trade | 52 |
| Minimap ping | 30 |
| Assign group | 17 |
| Esc | 2 |
| Item give/drop | 1 |
135 units @ 19.9k
/ 3.9k
79 buildings @ 11.9k
/ 5.3k
Perpetuum
(29:10) : 


| Lesser Clarity Potion | 4 | 280 |
| Scroll of Regeneration | 2 | 200 |
| Potion of Healing | 1 | 150 |
| Scroll of Town Portal | 1 | 350 |
| Staff of Teleportation | 1 | 150 |
| Boots of Speed | 1 | 250 |
| total: | 10 | 1380g |
| Peasant | 13 | 975 | / | 0 |
| Dragonhawk Rider | 10 | 2000 | / | 300 |
| Siege Engine | 11 | 2145 | / | 660 |
| Goblin Zeppelin | 1 | 240 | / | 60 |
| total: | 35 | 5360g | / | 1020w |
| Scout Tower | 1 | 30 | / | 20 |
| Arcane Tower | 1 | 70 | / | 50 |
| Altar of Kings | 1 | 180 | / | 50 |
| Farm | 12 | 960 | / | 240 |
| Lumber Mill | 3 | 360 | / | 0 |
| Arcane Vault | 1 | 130 | / | 30 |
| Blacksmith | 2 | 280 | / | 120 |
| Town Hall | 1 | 385 | / | 205 |
| Gryphon Aviary | 1 | 140 | / | 150 |
| Workshop | 3 | 420 | / | 420 |
| Keep | 1 | 320 | / | 210 |
| Castle | 1 | 360 | / | 210 |
| total: | 25 | 2885g | / | 1235w |
| 0:03 | Peasant |
| 0:03 | Peasant |
| 0:03 | Peasant |
| 0:18 | Peasant |
| 0:55 | Peasant |
| 1:06 | Altar of Kings |
| 1:15 | Peasant |
| 1:20 | Farm |
| 1:59 | Peasant |
| 2:22 | Peasant |
| 2:27 | Breath of Fire |
| 4:15 | Scout Tower |
| 4:44 | Arcane Tower |
| 4:49 | Lumber Mill |
| 4:51 | Arcane Vault |
| 5:39 | Farm |
| 6:16 | Lesser Clarity Potion |
| 6:16 | Lesser Clarity Potion |
| 6:17 | Scroll of Regeneration |
| 6:53 | Staff of Teleportation |
| 6:54 | Boots of Speed |
| 8:18 | Peasant |
| 8:18 | Peasant |
| 8:19 | Peasant |
| 8:38 | Peasant |
| 8:39 | Peasant |
| 9:55 | Keep |
| 10:34 | Lesser Clarity Potion |
| 10:34 | Lesser Clarity Potion |
| 10:47 | Lumber Mill |
| 10:51 | Farm |
| 11:05 | Drunken Haze |
| 11:34 | Goblin Zeppelin |
| 12:23 | Castle |
| 13:10 | Gryphon Aviary |
| 13:23 | Farm |
| 13:26 | Farm |
| 13:43 | Dragonhawk Rider |
| 13:43 | Dragonhawk Rider |
| 14:02 | Farm |
| 14:49 | Cloud |
| 14:49 | Dragonhawk Rider |
| 15:16 | Blizzard |
| 15:18 | Dragonhawk Rider |
| 15:35 | Farm |
| 15:37 | Dragonhawk Rider |
| 16:55 | Breath of Fire |
| 17:42 | Dragonhawk Rider |
| 17:42 | Dragonhawk Rider |
| 18:04 | Lumber Mill |
| 18:07 | Blacksmith |
| 18:59 | Dragonhawk Rider |
| 18:59 | Dragonhawk Rider |
| 19:31 | Flame Strike |
| 19:33 | Brilliance Aura |
| 19:40 | Workshop |
| 20:43 | Town Hall |
| 20:48 | Barrage |
| 20:48 | Siege Engine |
| 20:49 | Workshop |
| 20:52 | Farm |
| 20:53 | Farm |
| 21:16 | Dragonhawk Rider |
| 21:33 | Siege Engine |
| 21:38 | Farm |
| 21:39 | Farm |
| 21:39 | Farm |
| 22:33 | Workshop |
| 22:48 | Siege Engine |
| 22:49 | Siege Engine |
| 22:50 | Siege Engine |
| 23:05 | Scroll of Regeneration |
| 23:06 | Potion of Healing |
| 23:11 | Scroll of Town Portal |
| 23:33 | Black Gunpowder |
| 23:35 | Siege Engine |
| 24:09 | Siege Engine |
| 24:58 | Siege Engine |
| 25:12 | Refined Gunpowder |
| 25:14 | Blacksmith |
| 25:43 | Siege Engine |
| 25:48 | Iron Forged Swords |
| 25:49 | Iron Plating |
| 26:35 | Siege Engine |
| 28:12 | Siege Engine |
| 28:45 | Steel Plating |
| Right click | 1815 |
| Select | 440 |
| Assign group | 387 |
| Resource trade | 97 |
| Build/train/purchase | 85 |
| Use ability | 43 |
| Misc. action | 25 |
| Item give/drop | 3 |
| Esc | 3 |
| Minimap ping | 1 |
SayGoodGame
(29:13) : 

| Potion of Healing | 4 | 600 |
| Potion of Mana | 1 | 200 |
| Staff of Preservation | 2 | 300 |
| Moonstone | 1 | 50 |
| Scroll of Town Portal | 2 | 700 |
| total: | 10 | 1850g |
| Wisp | 41 | 2460 | / | 0 |
| Glaive Thrower | 19 | 3990 | / | 1235 |
| Hippogryph | 5 | 800 | / | 100 |
| Faerie Dragon | 3 | 465 | / | 75 |
| Archer | 1 | 130 | / | 10 |
| total: | 69 | 7845g | / | 1420w |
| Ancient Protector | 12 | 1620 | / | 960 |
| Moon Well | 10 | 1800 | / | 400 |
| Altar of Elders | 1 | 180 | / | 50 |
| Tree of Life | 3 | 1020 | / | 555 |
| Hunter's Hall | 1 | 210 | / | 100 |
| Ancient of War | 4 | 600 | / | 240 |
| Ancient of Wonders | 2 | 180 | / | 60 |
| Ancient of Wind | 2 | 300 | / | 280 |
| Tree of Ages | 1 | 320 | / | 180 |
| Tree of Eternity | 1 | 330 | / | 200 |
| total: | 35 | 5910g | / | 2645w |
| 0:02 | Wisp |
| 0:02 | Wisp |
| 0:19 | Wisp |
| 0:34 | Wisp |
| 0:35 | Wisp |
| 0:53 | Moon Well |
| 1:20 | Altar of Elders |
| 1:51 | Wisp |
| 1:51 | Wisp |
| 1:51 | Wisp |
| 1:57 | Wisp |
| 2:09 | Wisp |
| 2:09 | Wisp |
| 2:29 | Breath of Fire |
| 5:48 | Wisp |
| 6:01 | Tree of Life |
| 6:24 | Wisp |
| 6:24 | Wisp |
| 6:31 | Hunter's Hall |
| 6:56 | Moon Well |
| 7:01 | Moon Well |
| 7:10 | Wisp |
| 7:47 | Ancient Protector |
| 7:56 | Ancient Protector |
| 8:38 | Wisp |
| 8:38 | Wisp |
| 8:38 | Wisp |
| 8:39 | Wisp |
| 8:53 | Ancient Protector |
| 9:06 | Ancient Protector |
| 9:13 | Wisp |
| 9:40 | Ancient of War |
| 9:43 | Ancient of War |
| 9:58 | Moon Well |
| 10:02 | Wisp |
| 10:03 | Wisp |
| 10:10 | Moon Well |
| 10:21 | Ancient of Wonders |
| 10:26 | Wisp |
| 10:26 | Wisp |
| 10:26 | Wisp |
| 11:06 | Ancient Protector |
| 11:09 | Wisp |
| 11:09 | Wisp |
| 11:17 | Ancient Protector |
| 11:22 | Wisp |
| 11:22 | Wisp |
| 11:26 | Wisp |
| 11:26 | Wisp |
| 11:31 | Glaive Thrower |
| 11:47 | Glaive Thrower |
| 11:59 | Wisp |
| 12:00 | Wisp |
| 12:05 | Ancient Protector |
| 12:20 | Glaive Thrower |
| 12:28 | Ultravision |
| 12:36 | Moon Well |
| 12:42 | Ancient Protector |
| 12:46 | Moon Well |
| 13:01 | Glaive Thrower |
| 13:15 | Ancient Protector |
| 13:30 | Glaive Thrower |
| 13:37 | Ancient Protector |
| 14:22 | Glaive Thrower |
| 14:36 | Ancient Protector |
| 16:22 | Glaive Thrower |
| 16:22 | Glaive Thrower |
| 17:20 | Glaive Thrower |
| 17:48 | Glaive Thrower |
| 17:56 | Ancient Protector |
| 18:01 | Ancient of War |
| 18:06 | Ancient of War |
| 19:11 | Tree of Ages |
| 19:32 | Tree of Life |
| 19:36 | Wisp |
| 19:36 | Wisp |
| 19:36 | Wisp |
| 20:16 | Glaive Thrower |
| 20:17 | Glaive Thrower |
| 20:29 | Glaive Thrower |
| 20:36 | Ancient of Wonders |
| 20:44 | Tree of Life |
| 20:47 | Drunken Haze |
| 20:59 | Moon Well |
| 21:37 | Ancient of Wind |
| 21:41 | Ancient of Wind |
| 21:46 | Vorpal Blades |
| 21:52 | Scroll of Town Portal |
| 21:53 | Potion of Healing |
| 21:53 | Potion of Mana |
| 21:54 | Staff of Preservation |
| 22:49 | Glaive Thrower |
| 22:55 | Moon Well |
| 23:09 | Moon Well |
| 23:24 | Trueshot Aura |
| 23:27 | Tree of Eternity |
| 24:24 | Hippogryph |
| 24:24 | Hippogryph |
| 24:25 | Faerie Dragon |
| 24:25 | Faerie Dragon |
| 24:27 | Hippogryph |
| 25:01 | Staff of Preservation |
| 25:02 | Potion of Healing |
| 25:03 | Scroll of Town Portal |
| 25:04 | Moonstone |
| 25:14 | Hippogryph |
| 25:23 | Potion of Healing |
| 25:56 | Glaive Thrower |
| 25:56 | Glaive Thrower |
| 25:59 | Archer |
| 26:00 | Improved Bows |
| 26:17 | Wisp |
| 26:18 | Wisp |
| 26:18 | Wisp |
| 26:18 | Wisp |
| 26:18 | Wisp |
| 27:37 | Glaive Thrower |
| 27:40 | Hippogryph |
| 27:41 | Faerie Dragon |
| 28:07 | Glaive Thrower |
| 28:21 | Glaive Thrower |
| 29:13 | Potion of Healing |
| Select group | 962 |
| Right click | 748 |
| Select | 428 |
| Misc. action | 237 |
| Resource trade | 103 |
| Build/train/purchase | 101 |
| Minimap ping | 64 |
| Assign group | 33 |
| Use ability | 18 |
| Chat | 5 |
| Remove unit | 3 |
| Item give/drop | 1 |



| Rod of Necromancy | 1 | 150 |
| Ritual Dagger | 1 | 125 |
| Lesser Clarity Potion | 4 | 280 |
| Scroll of Healing | 3 | 750 |
| Scroll of Town Portal | 1 | 350 |
| Scroll of Protection | 1 | 150 |
| Potion of Greater Healing | 1 | 400 |
| Potion of Invulnerability | 1 | 400 |
| total: | 13 | 2605g |
| Acolyte | 2 | 150 | / | 0 |
| Ghoul | 9 | 1080 | / | 0 |
| Gargoyle | 8 | 1400 | / | 240 |
| Frost Wyrm | 9 | 3465 | / | 1080 |
| Crypt Fiend | 3 | 645 | / | 120 |
| total: | 31 | 6740g | / | 1440w |
| Crypt | 3 | 600 | / | 150 |
| Ziggurat | 9 | 1350 | / | 450 |
| Graveyard | 1 | 215 | / | 0 |
| Altar of Darkness | 1 | 180 | / | 50 |
| Tomb of Relics | 1 | 130 | / | 30 |
| Sacrificial Pit | 1 | 75 | / | 150 |
| Boneyard | 3 | 525 | / | 600 |
| Halls of the Dead | 1 | 320 | / | 210 |
| Black Citadel | 1 | 325 | / | 230 |
| total: | 19 | 3075g | / | 1430w |
| 0:04 | Acolyte |
| 0:04 | Acolyte |
| 0:11 | Crypt |
| 0:13 | Crypt |
| 0:15 | Crypt |
| 0:19 | Ziggurat |
| 0:28 | Ziggurat |
| 0:39 | Halls of the Dead |
| 0:59 | Graveyard |
| 1:05 | Altar of Darkness |
| 1:14 | Ghoul |
| 1:29 | Ghoul |
| 1:38 | Ghoul |
| 1:43 | Ziggurat |
| 1:49 | Ziggurat |
| 2:01 | Ghoul |
| 2:13 | Ghoul |
| 2:13 | Ghoul |
| 2:21 | Ghoul |
| 2:32 | Ghoul |
| 2:48 | Creature Attack |
| 2:55 | Breath of Fire |
| 3:04 | Black Citadel |
| 3:06 | Gargoyle |
| 3:06 | Gargoyle |
| 3:19 | Rain of Fire |
| 3:41 | Gargoyle |
| 3:49 | Gargoyle |
| 3:57 | Gargoyle |
| 4:12 | Sacrificial Pit |
| 4:22 | Gargoyle |
| 4:39 | Gargoyle |
| 4:59 | Gargoyle |
| 5:38 | Boneyard |
| 5:38 | Boneyard |
| 5:39 | Boneyard |
| 5:48 | Ziggurat |
| 5:50 | Improved Creature Attack |
| 6:10 | Cleaving Attack |
| 6:20 | Ziggurat |
| 6:38 | Ziggurat |
| 7:18 | Frost Wyrm |
| 7:47 | Drunken Brawler |
| 7:50 | Freezing Breath |
| 8:13 | Unholy Aura |
| 8:17 | Frost Wyrm |
| 8:46 | Ziggurat |
| 8:47 | Ziggurat |
| 9:37 | Frost Wyrm |
| 11:29 | Rain of Fire |
| 11:51 | Frost Wyrm |
| 13:11 | Frost Wyrm |
| 13:13 | Advanced Creature Attack |
| 13:37 | Ghoul |
| 13:55 | Breath of Fire |
| 14:29 | Death Coil |
| 15:07 | Scroll of Healing |
| 15:08 | Scroll of Healing |
| 15:11 | Scroll of Protection |
| 15:19 | Creature Carapace |
| 16:15 | Frost Wyrm |
| 18:02 | Frost Wyrm |
| 19:25 | Cleaving Attack |
| 19:36 | Improved Creature Carapace |
| 19:48 | Drunken Brawler |
| 20:00 | Death Coil |
| 20:19 | Potion of Greater Healing |
| 20:23 | Potion of Invulnerability |
| 20:55 | Advanced Creature Carapace |
| 21:50 | Burrow |
| 22:06 | Tomb of Relics |
| 22:51 | Crypt Fiend |
| 22:54 | Web |
| 22:56 | Crypt Fiend |
| 24:31 | Scroll of Town Portal |
| 24:31 | Scroll of Healing |
| 24:34 | Rod of Necromancy |
| 24:34 | Ritual Dagger |
| 24:51 | Crypt Fiend |
| 26:17 | Lesser Clarity Potion |
| 26:17 | Lesser Clarity Potion |
| 26:22 | Lesser Clarity Potion |
| 26:36 | Frost Wyrm |
| 27:45 | Frost Wyrm |
| 27:49 | Unholy Aura |
| 28:47 | Lesser Clarity Potion |
| Right click | 2060 |
| Select group | 1560 |
| Select | 723 |
| Build/train/purchase | 120 |
| Use ability | 63 |
| Chat | 47 |
| Minimap ping | 40 |
| Misc. action | 37 |
| Assign group | 34 |
| Item give/drop | 8 |
| Remove unit | 3 |